 Dungeon Crawl Stone Soup version 0.22.1 (webtiles) character file.

35550 dohliylev the Covert (level 13, -5/98 HPs)
             Began as a Vampire Enchanter on Sept 18, 2018.
             Was a High Priest of Makhleb.
             Killed from afar by a swamp worm (19 damage)
             ... with a harpoon shot
             ... on level 1 of the Swamp.
             The game lasted 01:49:57 (16764 turns).

dohliylev the Covert (Vampire Enchanter)           Turns: 16764, Time: 01:49:57

Health: -5/98      AC: 12    Str:  7    XL:     13   Next: 48%
Magic:  1/9        EV: 19    Int: 23    God:    Makhleb [*****.]
Gold:   1117       SH: 13    Dex: 20    Spells: 23/32 levels left

rFire    . . .     SeeInvis +   q - +2 dagger (antimagic)
rCold    . . .     Gourm    .   l - +1 buckler
rNeg     + . .     Faith    .   I - +4 troll leather armour
rPois    .         Spirit   .   F - +1 helmet
rElec    .         Reflect  +   H - scarf {cloud immunity}
rCorr    .         Harm     .   w - +0 pair of gloves
MR       +....                  u - +0 pair of boots
Stlth    +++++.....             K - +6 amulet of reflection
HPRegen  0.66/turn              G - +2 ring of slaying
MPRegen  0.11/turn              n - +6 ring of dexterity

@: slowed, very slow
A: fangs 3, see invisible, unbreathing
a: Bat Form, Minor Destruction, Lesser Servant of Makhleb, Major Destruction,
Greater Servant of Makhleb, Renounce Religion


You were on level 1 of the Swamp.
You worshipped Makhleb.
Makhleb was extremely pleased with you.
You were not thirsty.

You visited 4 branches of the dungeon, and saw 17 of its levels.
You also visited: Sewer.

You collected 1117 gold pieces.

Inventory:

Hand Weapons
 a - a +1 dagger
 q - a +2 antimagic dagger (weapon)
Armour
 l - a +1 buckler (worn)
 u - a +0 pair of boots (worn)
 w - a +0 pair of gloves (worn)
 F - a +1 helmet (worn)
 H - a scarf of cloud immunity (worn)
 I - a +4 troll leather armour (worn)
 T - +0 steam dragon scales
 U - +0 fire dragon scales
Jewellery
 g - an uncursed ring of protection from cold
 n - a +6 ring of dexterity (right hand)
 v - a +3 ring of intelligence
 G - a +2 ring of slaying (left hand)
 K - a +6 amulet of reflection (around neck)
Wands
 e - a wand of paralysis (17)
 f - a wand of enslavement (19)
 E - a wand of iceblast (8)
 L - a wand of digging (9)
 R - a wand of random effects (14)
Scrolls
 c - 11 scrolls of remove curse
 h - 3 scrolls of blinking
 k - 2 scrolls of enchant armour
 o - 2 scrolls of amnesia
 r - 3 scrolls of teleportation
 s - 5 scrolls of magic mapping
 t - 2 scrolls of fear
 y - 7 scrolls of enchant weapon
 z - a scroll of holy word {unknown}
 J - a scroll of brand weapon
 P - a scroll of fog
 S - 4 scrolls of identify
Potions
 b - 2 potions of resistance {unknown}
 d - 19 potions of blood
 i - a potion of cancellation {unknown}
 j - 2 potions of curing
 m - 2 potions of invisibility {unknown}
 p - 3 potions of flight
 x - 3 potions of lignification {unknown}
 A - 2 potions of berserk rage {unknown}
 B - 3 potions of brilliance {unknown}
 C - a potion of agility {unknown}
 D - 2 potions of magic {unknown}
 M - 2 potions of heal wounds {unknown}
 N - 2 potions of ambrosia {unknown}
 O - a potion of might {unknown}
 Q - a potion of degeneration {unknown}


   Skills:
 - Level 8.1 Fighting
 - Level 10.3 Short Blades
 + Level 10.1 Dodging
 + Level 12.6 Stealth
 - Level 4.0 Shields
 - Level 10.0 Spellcasting
 - Level 8.3 Hexes
 - Level 10.0 Necromancy
 - Level 2.1 Invocations


You had 23 spell levels left.
You knew the following spells:

 Your Spells              Type           Power        Failure   Level  Hunger
a - Corona                Hex            #####..      1%          1    None
b - Ensorcelled Hibernat  Hex/Ice        ####..       2%          2    None
c - Confuse               Hex            #####...     1%          3    None
d - Regeneration          Chrm/Necr      ####......   3%          3    None

Your spell library contained the following spells:

 Spells                   Type           Power        Failure   Level  Hunger
 Animate Skeleton         Necr           N/A          1%          1    None
 Pain                     Necr           ####         1%          1    None
 Tukima's Dance           Hex            #####...     1%          3    None
 Vampiric Draining        Necr           ######....   1%          3    None
 Animate Dead             Necr           N/A          1%          4    #......
 Dazzling Spray           Conj/Hex       ####..       4%          3    None
 Freeze                   Ice            ##..         9%          1    None
 Throw Frost              Conj/Ice       ##....       13%         2    None
 Ozocubu's Armour         Chrm/Ice       ##......     26%         3    None
 Summon Ice Beast         Ice/Summ       ##......     63%         4    #......
 Throw Icicle             Conj/Ice       ##......     63%         4    #......
 Haunt                    Necr/Summ      ####......   100%        7    #######
 Infestation              Necr           ######....   100%        8    #######
 Borgnjor's Revivificati  Necr           Unusable     N/A         8    N/A
 Death's Door             Chrm/Necr      Unusable     N/A         8    N/A
 Necromutation            Tmut/Necr      Unusable     N/A         8    N/A

Dungeon Overview and Level Annotations

Branches:
Dungeon (9/15)             Temple (1/1) D:4            Lair (6/6) D:9
  Swamp (1/4) Lair:2        Snake (0/4) Lair:3        Slime (0/5) Lair:5
    Orc: D:9-12

Altars:
Ashenzari
Cheibriados
Dithmenos
Elyvilon
Fedhas
Gozag
Hepliaklqana
Kikubaaqudgha
Makhleb
Nemelex Xobeh
Okawaru
Qazlal
Ru
Sif Muna
Trog
Uskayaw
Vehumet
Wu Jian
Xom
Yredelemnul
The Shining One

Shops:
D:4 :

Annotations:
Lair:4 Urug
Swamp:1 Kirke


Innate Abilities, Weirdness & Mutations

You have razor-sharp teeth.
You have supernaturally acute eyesight. (SInv)
You can survive without breathing.


Message History

Press: ? - help, Shift-Dir - straight line, f - Kirke
Aim: Kirke (heavily wounded, chance to defeat MR: 11%) Kirke resists with almost no effort.
The harpy barely misses you. The harpy claws you!
* * * LOW HITPOINT WARNING * * *
The harpy claws you!
* * * LOW HITPOINT WARNING * * *
You block the harpy's attack. The harpy misses you.
The harpy completely misses you. Kirke hits you.
* * * LOW HITPOINT WARNING * * *
You feel better.
Your surroundings suddenly seem different.
Splash!
You fall into the shallow water.
Moving in this stuff is going to be slow.
A bog body comes into view.
A swamp worm comes into view.
The bog body barely misses you. The bog body misses you.
The swamp worm throws harpoon shot at you.
The harpoon shot hits you!
You die...

♣... ♣♣♣♣
...≈..♣♣♣ ...
≈≈...≈≈.♣ ♣...
≈≈≈.≈≈§.♣ ....≈
≈≈≈..≈..♣♣♣.≈..≈
≈≈≈...≈..♣≈....§
......≈≈≈..≈≈≈..
≈≈≈.≈≈≈≈≈..≈≈≈..
≈≈§≈≈§n≈@.......
≈≈≈....≈..♣....≈
.≈≈w♣♣♣♣♣♣♣ ..♣
.≈. ♣ ≈


You could see a bog body and a swamp worm.

Vanquished Creatures
  A fire dragon (Lair:6)
  3 hydras
  A lindwurm (Lair:6)
  2 oklob plants
  An elephant (Lair:2)
  Maurice (D:8)
  6 black mambas
  A molten gargoyle (Lair:6)
  15 spiny frogs
  A torpor snail (Lair:3)
  7 komodo dragons
  3 rime drakes
  2 tyrant leeches
  2 trolls (D:9)
  2 polar bears
  7 hippogriffs
  A bog body (Swamp:1)
  8 blink frogs
  A vampire (D:9)
  12 wyverns
  6 basilisks
  45 yaks
  3 steam dragons (Lair:6)
  4 nagas (Lair:3)
  10 water moccasins
  5 hell hounds (Lair:6)
  6 porcupines
  An eye of draining (D:3)
  2 orc warriors
  3 sky beasts
  2 black bears
  2 necrophages (D:9)
  An ice beast (D:5)
  2 ogres
  6 crocodiles
  A centaur (D:9)
  9 wolves
  2 big kobolds
  11 bullfrogs
  A water moccasin skeleton (D:7)
  4 killer bees (D:8)
  A scorpion (D:7)
  2 electric eels (Lair:6)
  A howler monkey (D:4)
  6 crimson imps
  5 lava snakes (Lair:6)
  3 orc priests
  4 hounds
  5 orc wizards
  Crazy Yiuf (D:4)
  A gnoll shaman (D:6)
  2 bullfrog skeletons
  3 jellies
  2 iguanas
  Ijyb (D:3)
  A worker ant (D:9)
  2 hound zombies
  2 hound skeletons
  2 worker ant zombies
  12 adders
  12 gnolls
  2 shadow imps
  3 oozes
  3 adder skeletons
  An adder zombie (D:8)
  A worm (D:2)
  9 dart slugs
  6 leopard geckos
  30 orcs
  6 bats
  3 giant cockroaches
  16 goblins
  6 hobgoblins
  11 jackals
  9 kobolds
  4 quokkas
  4 frilled lizards
  10 rats
  A plant (Lair:5)
396 creatures vanquished.

Vanquished Creatures (others)
  A gnoll shaman (D:4)
  11 fungi
  4 plants (Lair:3)
16 creatures vanquished.

Grand Total: 412 creatures vanquished

Notes
Turn   | Place    | Note
-------+----------+-------------------------------------------
     0 | D:1      | dohliylev the Vampire Enchanter began the quest for the
                  | Orb.
     0 | D:1      | Reached XP level 1. HP: 13/13 MP: 3/3
   180 | D:1      | Reached XP level 2. HP: 19/19 MP: 5/5
   229 | D:1      | Learned a level 2 spell: Ensorcelled Hibernation
   326 | D:1      | Reached skill level 5 in Stealth
   343 | D:1      | Reached skill level 5 in Hexes
   495 | D:1      | Reached XP level 3. HP: 24/24 MP: 6/6
  1250 | D:2      | Reached XP level 4. HP: 30/30 MP: 7/7
  1892 | D:3      | Noticed Ijyb
  1896 | D:3      | Killed Ijyb
  1896 | D:3      | Reached skill level 6 in Stealth
  1896 | D:3      | Reached skill level 1 in Shields
  2009 | D:3      | Reached XP level 5. HP: 35/35 MP: 5/8
  2131 | D:3      | Reached skill level 7 in Stealth
  2389 | D:3      | Found a glowing drain.
  2409 | Sewer    | Entered a sewer
  2466 | Sewer    | Reached skill level 8 in Stealth
  2466 | Sewer    | Reached XP level 6. HP: 41/41 MP: 4/9
  2492 | Sewer    | Found a white marble altar of Elyvilon.
  3120 | D:3      | Found a bloodstained altar of Trog.
  3551 | D:4      | Reached skill level 9 in Stealth
  3662 | D:4      | Learned a level 3 spell: Confuse
  3740 | D:4      | Reached XP level 7. HP: 9/46 MP: 0/10
  3909 | D:4      | Found Cetoa's Book Boutique.
  3982 | D:4      | Found a stormy altar of Qazlal.
  4273 | D:4      | Found a staircase to the Ecumenical Temple.
  4278 | Temple   | Entered the Ecumenical Temple
  4396 | Temple   | Became a worshipper of Makhleb the Destroyer
  4561 | D:4      | Found a runed door.
  4565 | D:4      | Noticed Crazy Yiuf
  4569 | D:4      | Killed Crazy Yiuf
  4730 | D:5      | Entered Level 5 of the Dungeon
  4820 | D:5      | Reached skill level 1 in Fighting
  4985 | D:5      | Found a shadowy altar of Dithmenos.
  5011 | D:5      | Reached skill level 5 in Short Blades
  5011 | D:5      | Reached XP level 8. HP: 54/54 MP: 6/11
  5865 | D:6      | Reached * piety under Makhleb
  5938 | D:6      | Found a blossoming altar of Fedhas.
  5939 | D:6      | Found a radiant altar of Vehumet.
  6409 | D:6      | Reached skill level 5 in Fighting
  6549 | D:6      | Found a stormy altar of Qazlal.
  6551 | D:6      | Found a hide-covered altar of Uskayaw.
  6551 | D:6      | Found a blossoming altar of Fedhas.
  6553 | D:6      | Found a burning altar of Makhleb.
  6553 | D:6      | Found a bloodstained altar of Trog.
  6553 | D:6      | Found a shimmering altar of Xom.
  6673 | D:7      | Reached skill level 1 in Invocations
  6726 | D:7      | Found the +10 large shield of Ignorance {rN+ Int-4}
  6739 | D:7      | Reached ** piety under Makhleb
  6739 | D:7      | Reached skill level 5 in Dodging
  6941 | D:7      | Reached XP level 9. HP: 68/68 MP: 7/12
  7436 | D:8      | Found an ornate altar of the Wu Jian Council.
  7581 | D:8      | Found a shimmering altar of Xom.
  7581 | D:8      | Noticed an oklob plant
  7593 | D:8      | Killed an oklob plant
  7651 | D:8      | Learned a level 3 spell: Regeneration
  7788 | D:8      | Reached skill level 5 in Spellcasting
  7809 | D:8      | Reached XP level 10. HP: 49/74 MP: 1/19
  7994 | D:8      | Noticed Maurice
  8044 | D:8      | Killed Maurice
  8348 | D:9      | Found a sparkling altar of Nemelex Xobeh.
  8455 | D:9      | Found a staircase to the Lair.
  8790 | D:9      | Reached *** piety under Makhleb
  8799 | D:9      | Reached skill level 10 in Stealth
  9035 | Lair:1   | Entered Level 1 of the Lair of Beasts
  9118 | Lair:1   | Noticed a spiny frog
  9124 | Lair:1   | Killed a spiny frog
  9124 | Lair:1   | Reached skill level 11 in Stealth
  9151 | Lair:1   | Noticed a black mamba
  9159 | Lair:1   | Killed a black mamba
  9203 | Lair:1   | Got a jewelled war axe
  9204 | Lair:1   | Identified the cursed +0 war axe of Power {chop, Dex+3}
                  | (You found it on level 1 of the Lair of Beasts)
  9403 | Lair:1   | Noticed a spiny frog
  9410 | Lair:1   | Killed a spiny frog
  9410 | Lair:1   | Reached skill level 12 in Stealth
  9624 | Lair:1   | Noticed a black mamba
  9631 | Lair:1   | Killed a black mamba
  9631 | Lair:1   | Reached XP level 11. HP: 79/79 MP: 18/23
 10314 | Lair:2   | Reached **** piety under Makhleb
 10422 | Lair:2   | Noticed a seven-headed hydra
 10723 | Lair:2   | Killed a seven-headed hydra
 10862 | Lair:2   | Found a staircase to the Swamp.
 11490 | Lair:3   | Reached skill level 10 in Dodging
 11730 | Lair:3   | Reached XP level 12. HP: 76/86 MP: 14/24
 11970 | Lair:3   | Reached skill level 10 in Short Blades
 12091 | Lair:3   | Found a staircase to the Snake Pit.
 12615 | Lair:4   | Noticed an eight-headed hydra
 12623 | Lair:4   | Killed an eight-headed hydra
 12654 | Lair:4   | Noticed a four-headed hydra
 12666 | Lair:4   | Killed a four-headed hydra
 12694 | Lair:4   | Noticed Urug
 12951 | Lair:4   | Reached ***** piety under Makhleb
 13503 | Lair:5   | Found a staircase to the Slime Pits.
 13600 | Lair:5   | Reached skill level 10 in Spellcasting
 13894 | Lair:5   | Reached skill level 5 in Necromancy
 13914 | Lair:5   | Reached XP level 13. HP: 98/98 MP: 11/27
 14401 | Lair:6   | Entered Level 6 of the Lair of Beasts
 14681 | Lair:6   | Found a frozen archway.
 15416 | Lair:6   | Found a large runed door.
 15564 | Lair:6   | Noticed a green death
 15962 | Lair:6   | Found a large runed door.
 16308 | Lair:6   | Noticed a fire dragon
 16531 | Lair:6   | Killed a fire dragon
 16531 | Lair:6   | Reached skill level 10 in Necromancy
 16692 | Swamp:1  | Entered Level 1 of the Swamp
 16715 | Swamp:1  | Noticed a tentacled monstrosity
 16724 | Swamp:1  | Noticed Kirke
 16762 | Swamp:1  | HP: 3/98 [harpy[Kirke] (9)]
 16764 | Swamp:1  | Killed from afar by a swamp worm

Skill      XL: |  1  2  3  4  5  6  7  8  9 10 11 12 13 |
---------------+----------------------------------------+-----
Stealth        | 5 6 8 9 12 | 12.6
Hexes          | 5 8 |  8.3
Short Blades   | 2 5 7 9 10 | 10.3
Dodging        | 3 4 5 8 10 | 10.1
Shields        | 1 2 3 4 |  4.0
Fighting       | 1 5 8 |  8.1
Invocations    | 2 |  2.1
Spellcasting   | 6 8 10 | 10.0
Necromancy     | 4 5 10 | 10.0

Action                   |  1- 3 |  4- 6 |  7- 9 | 10-12 | 13-15 || total
-------------------------+-------+-------+-------+-------+-------++-------
Melee: Dagger            |    65 |   237 |   494 |   471 |   159 ||  1426
       Bite              |     1 |    24 |    55 |    28 |    22 ||   130
       Unarmed           |       |       |       |       |     1 ||     1
 Cast: Corona            |     4 |       |     3 |     1 |     3 ||    11
       Ensorcelled Hiber |     9 |    39 |    72 |   220 |    70 ||   410
       Confuse           |       |       |    12 |    20 |    29 ||    61
       Regeneration      |       |       |       |     5 |     7 ||    12
Invok: Greater Servant o |       |       |       |       |     1 ||     1
 Abil: End Transformatio |       |     3 |       |     1 |     4 ||     8
       Bat Form          |       |     3 |       |     1 |     4 ||     8
Evoke: Wand              |       |     1 |       |       |       ||     1
  Use: Scroll            |       |     6 |     4 |     5 |     7 ||    22
       Potion            |       |     1 |       |     2 |     7 ||    10
 Stab: Sleeping          |    20 |    35 |    67 |   129 |    42 ||   293
       Confused          |       |       |    10 |    12 |     8 ||    30
       Distracted        |       |       |       |     2 |       ||     2
  Eat: Corpse            |     9 |    11 |    15 |    15 |     1 ||    51
Armor: Robe              |    12 |    36 |    49 |     1 |       ||    98
       Troll leather arm |       |       |       |    40 |    18 ||    58
Dodge: Dodged            |    39 |   104 |   191 |   168 |    75 ||   577
Block: Buckler           |       |    58 |   112 |   191 |    49 ||   410
       Other             |       |       |       |     2 |     1 ||     3
       Reflection        |       |       |       |     1 |     2 ||     3
